 Dungeon Crawl Stone Soup version 0.30-b1-2-g02819fbbbe (webtiles) character file.

Game seed: 10157994083038184015

278 MajorAdolf the Sneak (level 6, -1/49 HPs)
             Began as a Naga Wanderer on Aug 30, 2023.
             Killed from afar by Dowan (15 damage)
             ... with a shard of ice
             ... on level 4 of the Dungeon.
             The game lasted 00:04:16 (3227 turns).

MajorAdolf the Sneak (Naga Wanderer)                Turns: 3227, Time: 00:04:17

Health: -1/49      AC:  4    Str: 15    XL:     6   Next: 26%
Magic:  7/8        EV:  5    Int: 16    God:
Gold:   145        SH: 11    Dex: 11    Spells: 1/7 levels left

rFire   . . .        u - +8 trident of Sudden Death {flame, Str+3 SInv}
rCold   . . .        j - +0 tower shield
rNeg    . . .        c - +0 robe
rPois   +            (no helmet)
rElec   .            (no cloak)
rCorr   .            d - +0 pair of gloves
SInv    +            (no barding)
Will    .....        (no amulet)
Stlth   ++           (no ring)
HPRegen 0.28/turn    (no ring)
MPRegen 0.11/turn

%: no passive effects
@: lit by a corona, glowing, very slow
A: AC +2, large, see invisible, deformed body, poison resistance, slowness 2,
spit poison 1, naga tail 1
a: Spit Poison


You were on level 4 of the Dungeon.
You visited 1 branch of the dungeon, and saw 4 of its levels.

You collected 145 gold pieces.

Inventory:

Hand Weapons
 u - the +8 trident of Sudden Death (weapon) {flame, Str+3 SInv}
   (You found it on level 3 of the Dungeon)

   Str:       It affects your strength (+3).
   SInv:      It lets you see invisible.
Armour
 c - a +0 robe (worn)
 d - a +0 pair of gloves (worn)
 j - a +0 tower shield (worn)
 v - an orb of wrath
Wands
 p - a wand of iceblast (8)
 r - a wand of mindburst (7)
 w - a wand of acid (8)
Scrolls
 a - a scroll of enchant armour {unknown}
 b - 3 scrolls of fog
 e - a scroll of vulnerability {unknown}
 f - a scroll of teleportation {unknown}
 h - a scroll of blinking {unknown}
 k - 2 scrolls of amnesia {unknown}
 l - a scroll of identify {unknown}
 n - a scroll of magic mapping {unknown}
Potions
 g - 2 potions of curing {unknown}
 i - 4 potions of degeneration {unknown}
 m - a potion of mutation {unknown}
 o - a potion of might {unknown}
 q - 2 potions of heal wounds {unknown}
 s - a potion of invisibility {unknown}
 t - 2 potions of ambrosia {unknown}
 x - a potion of attraction {unknown}


   Skills:
 - Level 1.0 Armour
 + Level 6.7 Stealth
 + Level 2.8 Shields
 + Level 1.4 Spellcasting
 + Level 0.9 Conjurations
 + Level 0.9 Transmutations
 + Level 3.2 Fire Magic
 + Level 3.3 Air Magic
 + Level 1.2 Poison Magic


You had one spell level left.
You knew the following spells:

 Your Spells              Type           Power      Damage    Failure   Level
a - Mephitic Cloud        Conj/Pois/Air  6%         N/A       99%         3
b - Ignite Poison         Fire/Tmut/Pois 6%         N/A       99%         3

Your spell library contained the following spells:

 Spells                   Type           Power      Damage    Failure   Level
 Foxfire                  Conj/Fire      28%        2x1d5     77%         1
 Shock                    Conj/Air       28%        1d4       77%         1
 Poisonous Vapours        Pois/Air       16%        N/A       87%         2
 Momentum Strike          Conj/Tloc      4%         3d8       98%         2
 Blink                    Tloc           2%         N/A       99%         2
 Lesser Beckoning         Tloc           2%         N/A       99%         2
 Animate Dead             Necr           1%         N/A       100%        4
 Borgnjor's Vile Clutch   Necr/Erth      0%         N/A       100%        5
 Death Channel            Necr           0%         N/A       100%        6


Dungeon Overview and Level Annotations

Branches:
Dungeon (4/15)
 Temple: D:4-7

Altars:
Xom

Annotations:
D:4 Dowan


Innate Abilities, Weirdness & Mutations

Your serpentine skin is tough. (AC +2)
You have supernaturally acute eyesight. (SInv)
Armour fits poorly on your strangely shaped body.
Your system is resistant to poisons. (rPois)
You cover ground very slowly.
You can spit poison.
You have a snake-like lower body.


Message History

Dowan screams, "No!
No!"
Dowan seems to find hidden reserves of power!
You block Dowan's attack.
Dowan points at you and mumbles some strange words.
You block the stone arrow. Dowan hits you with a +0 dagger.
Your Poison Magic skill increases to level 1!
You have reached level 6!
Your skin feels tougher.
You hit Dowan. You burn Dowan.
Dowan is moderately wounded.
You block Dowan's attack.
Dowan casts a spell.
Dowan blinks!
You see here an adder corpse.
Dowan gestures wildly while chanting.
Dowan blinks!
Dowan points at you and mumbles some strange words.
The shard of ice hits you!
You are too injured to fight recklessly!
You are too injured to fight recklessly!
You are too injured to fight recklessly!
You are too injured to fight recklessly!
You block Dowan's attack. Dowan completely misses you.
Aiming: Spit Poison (1% risk of failure)
Press: ? - help, Shift-Dir - straight line, f - Dowan
Aim: Dowan, wielding a +0 dagger and wearing a +0 robe (moderately wounded, fast, 45% to hit)
The splash of poison hits Dowan!
Dowan is severely wounded.
You block Dowan's attack.
You barely miss Dowan.
Dowan is severely wounded.
You block Dowan's attack. Dowan hits you with a +0 dagger.
* * * LOW HITPOINT WARNING * * *
You block Dowan's attack.
You hit Dowan. You burn Dowan.
Dowan is almost dead.
You have got your breath back.
Dowan gestures at you while chanting. The shard of ice hits you!
You die...

#........
######........
#...........#
#...........# #...
#...........+ .......
#...........# #.......
#.....e.....# #.......
#.....@.....# #.......
#...........####.......
#.....)....>...........
#.....†......[.........
#...........##.........
##############+#.......
#...........##
#.........#.#
#.........#..#


You could see Dowan (fast).

Vanquished Creatures
  Duvessa (D:4)
  A scorpion (D:4)
  A sleepcap (D:4)
  2 adders
  A worm (D:2)
  3 dart slugs (D:2)
  2 orcs (D:4)
  6 ball pythons
  6 bats
  4 endoplasms
  2 giant cockroaches (D:2)
  4 hobgoblins
  7 jackals
  2 quokkas
  A frilled lizard (D:2)
  3 goblins
  6 kobolds
  3 rats
55 creatures vanquished.

Notes
Turn   | Place    | Note
-------+----------+-------------------------------------------
     0 | D:1      | MajorAdolf the Naga Wanderer began the quest for the Orb.
     0 | D:1      | MajorAdolf set off with the following items: a +0 club, a
                  | scroll of fog, a +0 robe, a +0 pair of gloves; and the
                  | following spells available to memorise: Foxfire, Shock,
                  | Poisonous Vapours, Ignite Poison, Mephitic Cloud.
     0 | D:1      | Reached XP level 1. HP: 15/15 MP: 2/2
   522 | D:1      | Reached skill level 4 in Stealth
   626 | D:1      | Reached XP level 2. HP: 22/22 MP: 3/3
  1121 | D:2      | Reached skill level 1 in Shields
  1201 | D:2      | Reached XP level 3. HP: 15/28 MP: 4/4
  2041 | D:2      | Found a faded altar of an unknown god.
  2112 | D:2      | Reached skill level 5 in Stealth
  2485 | D:3      | Identified the +8 trident of Sudden Death {flame, Str+3
                  | SInv}
  2631 | D:3      | Reached XP level 4. HP: 35/36 MP: 5/5
  2747 | D:4      | Noticed a scorpion
  2754 | D:4      | Killed a scorpion
  2755 | D:4      | Reached skill level 6 in Stealth
  2755 | D:4      | Reached XP level 5. HP: 35/42 MP: 6/6
  2759 | D:4      | Learned a level 3 spell: Mephitic Cloud
  2763 | D:4      | Learned a level 3 spell: Ignite Poison
  2839 | D:4      | Found a shimmering altar of Xom.
  3209 | D:4      | Noticed Dowan
  3210 | D:4      | Noticed Duvessa
  3219 | D:4      | Killed Duvessa
  3220 | D:4      | Reached skill level 1 in Poison Magic
  3220 | D:4      | Reached XP level 6. HP: 27/49 MP: 6/8
  3227 | D:4      | Killed from afar by Dowan

Illustrated notes

Levels and vault maps discovered:
D:1:      saegor_arrival_simple_b, layout_loops_ring,
          dreamdust_princess_corridor
D:2:      layout_basic, shapermc_ecumenical_altar_mp_vishouse
D:3:      layout_rooms
D:4:      corexii_shack_village, layout_basic, mainiacjoe_overflow_brackets,
          uniq_duvessa

Skill      XL: |  1  2  3  4  5 |
---------------+----------------+-----
Stealth        | 4 5 6 |  6.7
Shields        | 1 2 |  2.8
Poison Magic   | 1 |  1.2
Armour         | |  1.0
Spellcasting   | |  1.4
Conjurations   | |  0.9
Transmutations | |  0.9
Fire Magic     | |  3.2
Air Magic      | |  3.3

Action                     |  1- 3 |  4- 6 || total
---------------------------+-------+-------++-------
  Melee: Dagger            |   103 |       ||   103
         Club              |     1 |       ||     1
         Trident           |     5 |    44 ||    49
Ability: Spit Poison       |    25 |     1 ||    26
   Stab: Sleeping          |     7 |     5 ||    12
 Armour: Robe              |    47 |     9 ||    56
  Dodge: Dodged            |    28 |    13 ||    41
  Block: Tower shield      |    66 |    28 ||    94
